 Dungeon Crawl Stone Soup version 0.32-a0-22-g6ae6769602 (webtiles) character file.

Game seed: 17181040837434038170

70 Essalna the Digger (level 4, 0/25 HPs)
             Began as a Gargoyle Earth Elementalist on Jan 18, 2024.
             Slain by a gnoll
             ... wielding a +0 flail
              (7 damage)
             ... on level 2 of the Dungeon.
             The game lasted 00:02:21 (1198 turns).

Essalna the Digger (Gargoyle Earth Elementalist)    Turns: 1198, Time: 00:02:21

Health: 0/25       AC:  6    Str: 12    XL:     4   Next: 21%
Magic:  7/7        EV: 12    Int: 17    God:
Gold:   115        SH:  5    Dex: 10    Spells: 5/8 levels left

rFire   . . .        (no weapon)
rCold   . . .        (no shield)
rNeg    + . .        a - +0 robe
rPois   ∞            (no helmet)
rElec   +            j - +0 cloak
rCorr   .            (no gloves)
SInv    .            (no boots)
Will    .....        f - amulet of reflection
Stlth   ++           (no ring)
HPRegen 0.24/turn    (no ring)
MPRegen 0.10/turn

%: reflection
@: no status effects
A: sickness immunity, AC +3, negative energy resistance 1, electricity
resistance, torment resistance 1, petrification resistance
a: no special abilities


You were on level 2 of the Dungeon.
You visited 1 branch of the dungeon, and saw 2 of its levels.

You collected 115 gold pieces.

Inventory:

Armour
 a - a +0 robe (worn)
 j - a +0 cloak (worn)
Jewellery
 f - an amulet of reflection (around neck)
Scrolls
 c - 2 scrolls of identify {unknown}
 g - a scroll of brand weapon {unknown}
 i - a scroll of noise {unknown}
 m - a scroll of vulnerability {unknown}
Potions
 d - a potion of curing {unknown}
 e - a potion of berserk rage {unknown}
 h - 2 potions of heal wounds {unknown}
 k - a potion of haste {unknown}
 l - a potion of brilliance {unknown}


   Skills:
 + Level 1.0 Fighting
 + Level 1.0 Armour
 + Level 1.8 Dodging
 - Level 2.1 Stealth
 + Level 2.5 Spellcasting
 + Level 2.1 Conjurations
 + Level 0.5 Translocations
 + Level 4.2 Earth Magic


You had 5 spell levels left.
You knew the following spells:

 Your Spells              Type           Power      Damage    Failure   Level
a - Sandblast             Erth           32%        2d9       3%          1
b - Blink                 Tloc           8%         N/A       22%         2

Your spell library contained the following spells:

 Spells                   Type           Power      Damage    Failure   Level
 Magic Dart               Conj           36%        1d4       8%          1
 Passwall                 Erth           16%        N/A       10%         3
 Stone Arrow              Conj/Erth      24%        3d8       16%         3
 Call Imp                 Summ           4%         N/A       28%         2
 Brom's Barrelling Bould  Conj/Erth      12%        2d4       45%         4
 Call Canine Familiar     Summ           2%         N/A       50%         3
 Sigil of Binding         Hex            2%         N/A       50%         3
 Petrify                  Alch/Erth      9%         N/A       58%         4
 Dimensional Bullseye     Hex/Tloc       1%         N/A       86%         4


Dungeon Overview and Level Annotations

Branches:
Dungeon (2/15)

Altars:


Innate Abilities, Weirdness & Mutations

You are immune to sickness and miasma.
Your stone body is resilient. (AC +3)
You are immune to poison.
You resist negative energy. (rN+)
You are resistant to electric shocks. (rElec)
You are resistant to unholy torment.
You are immune to petrification.


Message History

The throwing net hits you.
You become entangled in the net!
Your Fighting skill increases to level 1!
You have reached level 4!
You feel stronger.
Casting: Sandblast (safe; 3% risk of failure)
Confirm with . or Enter, or press ? or * to list all spells.
Aiming: Sandblast (safe; 3% risk of failure)
Press: ? - help, Shift-Dir - straight line, f - gnoll
Aim: a gnoll, wielding a +0 halberd and quivering a throwing net (moderately wounded, 84% to hit)
The blast of sand hits the gnoll!
You kill the gnoll!
Your magical contamination has completely faded away.
Your Armour skill increases to level 1!
Casting: Sandblast (safe; 3% risk of failure)
Confirm with . or Enter, or press ? or * to list all spells.
Aiming: Sandblast (safe; 3% risk of failure)
Press: ? - help, Shift-Dir - straight line, f - gnoll
Aim: a gnoll, wielding a +0 flail (84% to hit)
The blast of sand hits the gnoll!
The gnoll is heavily wounded.
The gnoll hits you but does no damage.
Casting: Sandblast (safe; 3% risk of failure)
Confirm with . or Enter, or press ? or * to list all spells.
You don't have enough magic to cast this spell.
Unknown command.
You struggle against the net.
The gnoll barely misses you.
You struggle against the net.
The gnoll hits you with a +0 flail.
You shred the net and break free! The gnoll hits you with a +0 flail!
The gnoll attacks as it pursues you! The gnoll hits you with a +0 flail.
* * * LOW HITPOINT WARNING * * *
Casting: Sandblast (safe; 3% risk of failure)
Confirm with . or Enter, or press ? or * to list all spells.
Aiming: Sandblast (safe; 3% risk of failure)
Press: ? - help, Shift-Dir - straight line, f/p - gnoll
Aim: a gnoll, wielding a +0 flail (heavily wounded, 84% to hit)
The blast of sand hits the gnoll.
The gnoll is almost dead.
The gnoll barely misses you. Magic courses through your body.
The gnoll hits you with a +0 flail!
You die...

#.#............#.#.#.####.#
#.#.##########.#.#.#....#.#
#.<.# .........#.#.####.#.#
##### .......#.#.#......#.#
.#####)#.#.########.#
#.#.#..........#
####.#.############
..........# .####.#.#@#
#.#.#g# # #.#)# #.#)# #.#.#
..#.# ###.. ###


You could see a gnoll.

Vanquished Creatures
  2 gnolls (D:2)
  2 adders (D:2)
  An endoplasm (D:1)
  5 goblins
  6 hobgoblins
  2 quokkas
  3 ball pythons (D:1)
  3 bats
  2 frilled lizards (D:1)
  3 kobolds
  4 rats
33 creatures vanquished.

Notes
Turn   | Place    | Note
-------+----------+-------------------------------------------
     0 | D:1      | Essalna the Gargoyle Earth Elementalist began the quest for
                  | the Orb.
     0 | D:1      | Reached XP level 1. HP: 10/10 MP: 3/3
    94 | D:1      | Reached XP level 2. HP: 15/15 MP: 3/5
   236 | D:1      | Reached skill level 4 in Earth Magic
   302 | D:1      | Found a faded altar of an unknown god.
   354 | D:1      | Learned a level 2 spell: Blink
   675 | D:2      | Reached XP level 3. HP: 20/20 MP: 3/6
  1191 | D:2      | Reached skill level 1 in Fighting
  1191 | D:2      | Reached XP level 4. HP: 25/25 MP: 2/7
  1192 | D:2      | Reached skill level 1 in Armour
  1198 | D:2      | Slain by a gnoll

Illustrated notes

Levels and vault maps discovered:
D:1:      sevenhm_arrival_forest_fort_small_6, layout_rooms,
          ebering_ecumenical_altar_sacrificial
D:2:      minmay_alternating_diamond, layout_basic, serial_shops, shop,
          nicolae_eternal_life

Skill      XL: |  1  2  3  4 |
---------------+-------------+-----
Earth Magic    | 4 |  4.2
Conjurations   | 2 |  2.1
Fighting       | 1 |  1.0
Armour         | 1 |  1.0
Dodging        | |  1.8
Stealth        | |  2.1
Spellcasting   | |  2.5
Translocations | |  0.5

Action                     |  1- 3 |  4- 6 || total
---------------------------+-------+-------++-------
  Melee: Unarmed           |     4 |       ||     4
   Cast: Sandblast         |    39 |     3 ||    42
    Use: Potion            |       |     1 ||     1
 Armour: Robe              |     5 |     5 ||    10
  Dodge: Dodged            |     8 |     2 ||    10
  Block: Other             |     2 |       ||     2

Table legend: (Time is in decaauts)
 A = Elapsed time spent in this place.
 B = Non-inter-level travel time spent in this place.
 C = Inter-level travel time spent in this place.
 D = Time resting spent in this place.
 E = Time spent auto-exploring this place.
 F = Levels seen in this place.
 G = Mean time per level.
                   A        B        C        D        E       F      G
               +--------+--------+--------+--------+--------+-----+--------+
         Total |   1218 |   1205 |     13 |      0 |   1037 |   2 |  609.0 |
       Dungeon |   1218 |   1205 |     13 |      0 |   1037 |   2 |  609.0 |
               +--------+--------+--------+--------+--------+-----+--------+

Top non-repeatable levels by time:
     D:1: 666 daAuts
     D:2: 552 daAuts
